 Dungeon Crawl Stone Soup version 0.30-a0-779-g7971cf19c3 (webtiles) character file.

Game seed: 5902762921348357476

139 Anon1729 the Chopper (level 5, -5/47 HPs)
             Began as a Minotaur Monk on Feb 17, 2023.
             Killed by divine providence
             ... invoked by an orc priest
              (10 damage)
             ... on level 3 of the Dungeon.
             The game lasted 00:01:46 (1973 turns).

Anon1729 the Chopper (Minotaur Monk)                Turns: 1973, Time: 00:01:46

Health: -5/47      AC:  2    Str: 18    XL:     5   Next: 1%
Magic:  4/4        EV: 13    Int:  2    God:
Gold:   129        SH:  0    Dex: 12    Spells: 4/4 levels left

rFire   . . .      SeeInvis .    a - +0 hand axe
rCold   . . .      Faith    +    (no shield)
rNeg    . . .      Spirit   .    b - +0 robe
rPois   +          Reflect  .    (helmet restricted)
rElec   +          Harm     .    (no cloak)
rCorr   .          Rampage  +    (no gloves)
Will    .....                    (no boots)
Stlth   ++                       p - amulet "Sag Maoh" {Faith Rampage rElec rPois Int-5}
HPRegen 0.27/turn                (no ring)
MPRegen 0.09/turn                (no ring)

@: invisible
A: horns 2, retaliatory headbutt
a: no special abilities


You were on level 3 of the Dungeon.
You visited 1 branch of the dungeon, and saw 3 of its levels.

You collected 129 gold pieces.

Inventory:

Hand Weapons
 a - a +0 hand axe (weapon)
Armour
 b - a +0 robe (worn)
Jewellery
 e - a ring of resist corrosion
 i - a ring of positive energy
 p - the amulet "Sag Maoh" (around neck) {Faith Rampage rElec rPois Int-5}
   (You found it on level 3 of the Dungeon)

   [amulet of faith]

   It allows you to gain divine favour quickly.
   Int:       It affects your intelligence (-5).
   rElec:     It insulates you from electricity.
   rPois:     It protects you from poison.
   Rampage:   It bestows one free step when moving towards enemies.
Scrolls
 g - 2 scrolls of brand weapon
 h - 2 scrolls of silence
 j - a scroll of fear
 l - a scroll of teleportation {unknown}
 m - a scroll of noise {unknown}
 q - a scroll of enchant armour {unknown}
Potions
 d - a potion of curing {unknown}
 f - a potion of lignification {unknown}
 n - a potion of brilliance {unknown}
 o - a potion of heal wounds {unknown}


   Skills:
 + Level 4.4 Fighting
 * Level 5.1 Axes
 + Level 2.2 Armour
 + Level 4.1 Dodging
 - Level 1.6 Stealth


You had 4 spell levels left.
You didn't know any spells.
Your spell library contained the following spells:

 Spells                   Type           Power      Damage    Failure   Level
 Blink                    Tloc           0%         N/A       69%         2
 Lesser Beckoning         Tloc           0%         N/A       69%         2
 Momentum Strike          Conj/Tloc      0%         3d8       69%         2
 Gell's Gravitas          Tloc           0%         N/A       89%         3
 Teleport Other           Tloc           0%         N/A       89%         3


Dungeon Overview and Level Annotations

Branches:
Dungeon (3/15)

Altars:
Zin


Innate Abilities, Weirdness & Mutations

You have a pair of horns on your head.
You reflexively headbutt those who attack you in melee.


Message History

The orc priest is severely wounded.
You hit the orc priest but do no damage.
You completely miss the orc priest.
The orc priest calls upon Beogh to heal the orc priest.
The orc priest is healed somewhat.
The orc priest hits you with a +0 club. The orc priest closely misses you.
You bump into the rock wall.
You feel less invigorated.
You feel less confused.
The orc priest hits you with a +0 dagger.
The orc priest closely misses you. You furiously retaliate!
You headbutt the orc priest!
The orc priest calls upon Beogh to heal the orc priest.
The orc priest's wounds heal themselves!
You hit the orc priest but do no damage.
You headbutt the orc priest, but do no damage.
The orc priest is almost dead.
You hit the orc priest but do no damage.
You barely miss the orc priest.
The orc priest mumbles some strange prayers to Beogh against you.
Beogh smites you!
The orc priest mumbles some strange prayers to Beogh against you.
You barely resist.
The orc priest mumbles some strange prayers to Beogh against you.
Beogh smites you!
* * * LOW HITPOINT WARNING * * *
It was a potion of invisibility.
You fade into invisibility!
The orc priest barely misses you. The orc priest misses you.
The orc priest barely misses you.
You hit the orc priest but do no damage.
The orc priest is almost dead.
You hit the orc priest but do no damage.
You hit the orc priest.
The orc priest hits you with a +0 dagger.
* * * LOW HITPOINT WARNING * * *
The orc priest hits you with a +0 club.
* * * LOW HITPOINT WARNING * * *
The orc priest invokes the aid of Beogh against you.
Beogh smites you!
You die...

..........# ..........#
..........# ##### ##
..........# ###...##..
..........# ##...#.#...
......?...# #....#.#...
......†oo.#####.#....#...
......wo@!...............
###.###########.##..##...
#.##...†... #.###.##...
#.....##... #####.#....
..#.### ....... ...#....


You could see a worm (unable to see you) and 3 orc priests.

Vanquished Creatures
  Robin (D:2)
  4 adders (D:3)
  A worm (D:2)
  A dart slug (D:1)
  3 orcs
  8 bats
  5 endoplasms
  4 giant cockroaches
  12 goblins
  9 hobgoblins
  10 jackals
  4 kobolds
  4 ball pythons
  3 frilled lizards
  8 rats
77 creatures vanquished.

Notes
Turn   | Place    | Note
-------+----------+-------------------------------------------
     0 | D:1      | Anon1729 the Minotaur Monk began the quest for the Orb.
     0 | D:1      | Reached XP level 1. HP: 19/19 MP: 0/0
   257 | D:1      | Reached XP level 2. HP: 23/27 MP: 1/1
   311 | D:1      | Reached skill level 4 in Axes
   418 | D:1      | Reached skill level 1 in Armour
   662 | D:1      | Reached XP level 3. HP: 33/33 MP: 2/2
  1043 | D:2      | Found a glowing silver altar of Zin.
  1141 | D:2      | Noticed Robin
  1157 | D:2      | Killed Robin
  1159 | D:2      | Reached XP level 4. HP: 17/40 MP: 3/3
  1682 | D:3      | Identified the amulet "Sag Maoh" {Faith Rampage rElec rPois
                  | Int-5}
  1722 | D:3      | Reached skill level 5 in Axes
  1963 | D:3      | Reached XP level 5. HP: 28/47 MP: 4/4
  1973 | D:3      | Killed from afar by an orc priest

Illustrated notes

Levels and vault maps discovered:
D:1:      tarquinn_simple_flora_water_a, layout_basic
D:2:      layout_rooms, basic_altar, nrook_uturn, uniq_robin
D:3:      layout_basic

Skill      XL: |  1  2  3  4 |
---------------+-------------+-----
Axes           | 4 5 |  5.1
Armour         | 1 2 |  2.2
Fighting       | 4 |  4.4
Dodging        | 4 |  4.1
Stealth        | |  1.6

Action                     |  1- 3 |  4- 6 || total
---------------------------+-------+-------++-------
  Melee: Hand axe          |    77 |    63 ||   140
         Headbutt          |     8 |    10 ||    18
         Punch             |     3 |     1 ||     4
    Use: Scroll            |       |     3 ||     3
         Potion            |       |     2 ||     2
   Stab: Sleeping          |    10 |       ||    10
 Armour: Robe              |    17 |     7 ||    24
  Dodge: Dodged            |    48 |    54 ||   102

Table legend: (Time is in decaauts)
 A = Elapsed time spent in this place.
 B = Non-inter-level travel time spent in this place.
 C = Inter-level travel time spent in this place.
 D = Time resting spent in this place.
 E = Time spent auto-exploring this place.
 F = Levels seen in this place.
 G = Mean time per level.
                   A        B        C        D        E       F      G
               +--------+--------+--------+--------+--------+-----+--------+
         Total |   1983 |   1872 |    111 |      0 |   1480 |   3 |  661.0 |
       Dungeon |   1983 |   1872 |    111 |      0 |   1480 |   3 |  661.0 |
               +--------+--------+--------+--------+--------+-----+--------+

Top non-repeatable levels by time:
     D:1: 907 daAuts
     D:2: 632 daAuts
     D:3: 443 daAuts
